cohdb
Replays
Latest Replays
All Replays
Popular Replays
Top Player Replays
Match Explorer
How It Works
Community
CoH3 Stats
Reddit
Sign in to upload your games and track your stats! →
Sign in with Steam
Match 45718247
Unlisted
Match 45718247
Overview
Messages
Build Orders
End
Construct Infanterie Kompanie
Grenadier Squad
Grenadier Squad
Selects Breakthrough Battlegroup
Selects Assault Grenadiers
Construct Luftwaffe Kompanie
Selects Smoke Bombing Run
Jäger Squad
Jäger Squad
Luftwaffe Officer Quarters
Jäger Squad
Selects Incendiary Bombing Run
Selects Rapid Production
Construct Panzer Kompanie
Grenadier Squad
Pioneer Squad
Incendiary Bombing Run
Panzer IV Medium Tank
Selects Blitzkrieg
Panzer IV Medium Tank
Panzer Officer Quarters
Incendiary Bombing Run
Stoßtruppen Squad
Incendiary Bombing Run
Sturmpanzer IV Brummbär
Panzer IV Medium Tank
Incendiary Bombing Run
Side Skirts
Jäger Squad
Incendiary Bombing Run
Panzer IV Medium Tank
Selects Panzer IV Command Tank Sd.Kfz. 161/1
Pioneer Squad
Grenadier Squad
Incendiary Bombing Run
Kovalian
TheNobleDude
爸爸
东东在西边
dinamix.fr
赵佰萬;ypa!”
Pew Pew
seb
0
0
Comments
sign in to comment!
No comments posted yet!